 Dungeon Crawl Stone Soup version 0.30.1-3-gfc49f6343a (webtiles) character file.

Game seed: 9613488015921334891

18 KyoPewz the Cudgeller (level 2, 0/29 HPs)
             Began as an Ogre Gladiator on Aug 3, 2023.
             Slain by a kobold
             ... wielding a +0 dagger
              (2 damage)
             ... on level 1 of the Dungeon.
             The game lasted 00:00:27 (257 turns).

KyoPewz the Cudgeller (Ogre Gladiator)               Turns: 257, Time: 00:00:27

Health: 0/29       AC:  3    Str: 17    XL:     2   Next: 66%
Magic:  2/2        EV: 10    Int:  9    God:
Gold:   45         SH:  0    Dex: 10    Spells: 1/1 levels left

rFire   . . .        a - +0 flail
rCold   . . .        (no shield)
rNeg    . . .        b - +0 robe
rPois   .            c - +0 hat
rElec   .            (no cloak)
rCorr   .            (gloves unavailable)
SInv    .            (boots unavailable)
Will    .....        (no amulet)
Stlth   +            (no ring)
HPRegen 0.24/turn    (no ring)
MPRegen 0.08/turn

%: no passive effects
@: no status effects
A: large, unfitting armour, tough skin 1
a: no special abilities


You were on level 1 of the Dungeon.
You visited 1 branch of the dungeon, and saw 1 of its levels.

You collected 45 gold pieces.

Inventory:

Hand Weapons
 a - a +0 flail (weapon)
Missiles
 d - 3 throwing nets (quivered)
 e - a large rock
 f - 11 stones
Armour
 b - a +0 robe (worn)
 c - a +0 hat (worn)
Scrolls
 g - a scroll of noise {unknown}
 i - a scroll of identify {unknown}
Potions
 h - a potion of cancellation {unknown}


   Skills:
 - Level 2.6 Fighting
 + Level 3.5 Maces & Flails
 - Level 2.0 Throwing
 - Level 2.6 Dodging


You had one spell level left.
You didn't know any spells.
Your spell library was empty.

Dungeon Overview and Level Annotations

Branches:
Dungeon (1/15)

Altars:


Innate Abilities, Weirdness & Mutations

You are too large for most types of armour.
You have tough skin. (AC +1)


Message History

You barely miss the gnoll.
The gnoll is heavily wounded.
The gnoll barely misses you. The hobgoblin barely misses you.
The hobgoblin hits you. The gnoll hits you with a +0 club.
You take 7 damage, and have 15/29 hp.
MASSIVE DAMAGE!!
You closely miss the gnoll.
The gnoll is heavily wounded.
The gnoll hits you with a +0 club. The hobgoblin barely misses you.
You take 3 damage, and have 12/29 hp.
You are too injured to fight recklessly!
You are too injured to fight recklessly!
The hobgoblin barely misses you. The hobgoblin attacks as you move away!
The hobgoblin hits you.
You take 3 damage, and have 9/29 hp.
The hobgoblin attacks as you move away! The hobgoblin barely misses you.
The hobgoblin attacks as you move away! The hobgoblin hits you.
* * * LOW HITPOINT WARNING * * *
The hobgoblin attacks as you move away! The hobgoblin hits you.
* * * LOW HITPOINT WARNING * * *
You take 2 damage, and have 7/29 hp.
You closely miss the gnoll.
The gnoll is heavily wounded.
The gnoll closely misses you.
You hit the gnoll.
The gnoll is heavily wounded.
The gnoll misses you.
You hit the gnoll but do no damage.
The gnoll is heavily wounded.
The gnoll completely misses you. The gnoll hits you with a +0 club.
* * * LOW HITPOINT WARNING * * *
You take 5 damage, and have 3/29 hp.
You sock the gnoll!
You kill the gnoll!
You closely miss the kobold. The kobold hits you with a +0 dagger.
* * * LOW HITPOINT WARNING * * *
You take 2 damage, and have 2/29 hp.
You hit the kobold but do no damage. The kobold hits you but does no damage.
You closely miss the kobold. The kobold hits you but does no damage.
The kobold hits you with a +0 dagger.
You die...

# #..# # #.## # ##.#
# ..........# #..# #
#....$.... #)## #
#......... ##.# #
.........###..# #
#......!..##.## #
#.......K.##@# #
..........##K##### #
...........#g....##
#
#.................##
..
#..................#
.>
...................#
##
#..#...............#
##.................#
##................#


You could see a hobgoblin and a kobold.

Vanquished Creatures
  A gnoll (D:1)
  A goblin (D:1)
  2 hobgoblins (D:1)
  A quokka (D:1)
  A ball python (D:1)
  A frilled lizard (D:1)
  A kobold (D:1)
8 creatures vanquished.

Notes
Turn   | Place    | Note
-------+----------+-------------------------------------------
     0 | D:1      | KyoPewz the Ogre Gladiator began the quest for the Orb.
     0 | D:1      | Reached XP level 1. HP: 22/22 MP: 1/1
    97 | D:1      | Reached skill level 3 in Maces & Flails
   202 | D:1      | Reached XP level 2. HP: 29/29 MP: 2/2
   257 | D:1      | Slain by a kobold

Illustrated notes

Levels and vault maps discovered:
D:1:      psy_arrival_statuary, layout_rooms

Skill      XL: |  1 |
---------------+----+-----
Maces & Flails | 3 |  3.5
Fighting       | |  2.6
Throwing       | |  2.0
Dodging        | |  2.6

Action                     || total
---------------------------++-------
  Melee: Flail             ||    32
 Armour: Robe              ||     8
  Dodge: Dodged            ||    25
